Cogmind - Beta 15 @@@ ROGUE MODE // 2025.08.09 @ 05:00:40 Player: lvl5hm Result: Destroyed by Explosive Trap Performance ------------- Evolutions (0) 0 Regions Visited (1) 200 Robots Destroyed (29) 145 Value Destroyed (964) 964 Prototype IDs (0) 0 Alien Tech Used (0) 0 Bonus (0) 0 TOTAL SCORE: 1309 Bonus ------- None Cogmind --------- Core Integrity 0/250 Matter 300/300 Energy 246/250 System Corruption 1% Temperature Cool (2) Movement Treading (160) Location -10/Materials Parts ------- > --- POWER (1) -------- Ion Engine > --- PROPULSION (2) --- Light Treads Light Treads > --- UTILITY (2) ------ Heat Sink Large Storage Unit > --- WEAPON (2) ------- Small Laser Light Assault Rifle > --- INVENTORY (15) --- Light Ion Engine Aluminum Leg Aluminum Leg Heat Sink Heat Sink Improved Terrain Scanner Grenade Launcher Peak State ------------ > --- POWER ------------ Ion Engine > --- PROPULSION ------- Light Treads Light Treads > --- UTILITY ---------- Large Storage Unit Improved Terrain Scanner > --- WEAPON ----------- Small Laser Light Assault Rifle > --- INVENTORY -------- Ion Engine Ion Engine Light Ion Engine Light Treads Light Treads Aluminum Leg Aluminum Leg Heat Sink Small Laser Light Assault Rifle [Rating: 10] Favorites ----------- Power Ion Engine Engine Ion Engine Propulsion Light Treads Treads Light Treads Utility Improved Terrain Scanner Device Improved Terrain Scanner Storage Small Storage Unit Weapon Light Assault Rifle Energy Gun Small Laser Ballistic Gun Light Assault Rifle Launcher Grenade Launcher Build | -11 -10 ------- Run | Yrd Mat Slots Evolved . | . . Power . | . . Propulsion . | . . Utility . | . . Weapon . | . . Parts Attached 23 | 7 16 Power 6 | 1 5 Engine 6 | 1 5 Core . | . . Reactor . | . . Propulsion 4 | 2 2 Treads 4 | 2 2 Leg . | . . Wheel . | . . Hover . | . . Flight . | . . Utility 6 | 2 4 Device 4 | 1 3 Storage 2 | 1 1 Processor . | . . Hackware . | . . Protection . | . . Artifact . | . . Weapon 7 | 2 5 Energy Gun 3 | 1 2 Energy Cannon . | . . Ballistic Gun 3 | 1 2 Ballistic Cannon . | . . Launcher 1 | . 1 Special Weapon . | . . Impact Weapon . | . . Slashing Weapon . | . . Piercing Weapon . | . . Special Melee Weapon . | . . Unidentified Prototypes . | . . Parts Lost 7 | . 7 Power 2 | . 2 Propulsion 2 | . 2 Utility . | . . Weapon 3 | . 3 Highest Loss Streak 3 | . 3 To Critical Strikes . | . . Average Backups 6 | 1 7 Power 1 | . 1 Propulsion 2 | . 3 Utility 1 | . 1 Weapon 1 | . 1 Tool/Special . | . . Unused Backups 4 | . 4 Power . | . . Propulsion 4 | . 4 Utility . | . . Weapon . | . . Tool/Special . | . . Average Slot Usage (%) 98 | . 98 Engine 13 | . 13 Treads 27 | . 27 Device 13 | . 13 Storage 14 | . 14 Energy Gun 12 | . 12 Ballistic Gun 14 | . 14 Peak Build Rating 10 | 9 10 Average Rating 8 | 6 8 On Entrance 4 | . 9 Naked Turns . | . . Heaviest Build 30 | 12 30 Greatest Support 40 | 40 40 Greatest Overweight (x) 9 | . 9 Average Overweight (x) . | . . Largest Inventory Capacity 15 | 8 15 Average Capacity 10 | 7 10 Most Carried 11 | 2 11 Average Carried 6 | 1 7 Final Capacity 15 | 8 15 Final Carried 7 | 2 7 Class Distribution -------------------- 65% | Mutant 34% | Scavenger-Mutant Dominant Class ---------------- Mutant | -10/Materials Resources | -11 -10 ----------- Run | Yrd Mat Matter Collected 572 | 290 282 Remotely . | . . Salvage Created 994 | 192 802 Parts 67 | 19 48 Haulers Intercepted 2 | . 2 Recyclers Shooed 1 | . 1 Parts Field Recycled . | . . Retrieved Matter . | . . Parts Self-Destructed . | . . Prevented . | . . Kills | -11 -10 ------- Run | Yrd Mat Combat Hostiles Destroyed 19 | . 19 Guns 19 | . 19 Classes Destroyed 6 | 3 3 Worker 2 | 2 . Tunneler 5 | 5 . Hauler 2 | . 2 Recycler 1 | 1 . Grunt 16 | . 16 Subdweller 3 | . 3 Best Kill Streak 6 | 6 3 Combat Bots Only 3 | . 3 Max Kills in Single Turn 1 | 1 1 Gunslinging . | . . Exploded . | . . Melee . | . . Uniques/NPCs Destroyed . | . . Combat | -11 -10 -------- Run | Yrd Mat Hostile Shots Fired 113 | . 113 Missed 30 | . 30 Hits 83 | . 83 Projectile 83 | . 83 AOE 5 | . 5 Critical Strikes 1 | . 1 Damage Taken 1254 | . 1254 Core 250 | . 250 Absorbed by Shields . | . . Regen/Repaired (Parts) 77 | . 77 Core Remaining (%) 100 | 100 . Volleys Fired 127 | 20 107 Largest 2 | 2 2 Hottest 70 | 70 70 Shots Fired 238 | 40 198 Gun 238 | 40 198 Cannon . | . . Launcher . | . . Special . | . . Kinetic 130 | 20 110 Thermal 108 | 20 88 Explosive . | . . Electromagnetic . | . . Robot Hit Streak 19 | 13 19 Robot Miss Streak 4 | 4 3 Penetration Max . | . . Secondary Targets 1 | . 1 Max Gunslinging Chain 1 | . 1 Shots Hit Robots 162 | 24 138 Core Hits 57 | 10 47 Critical Kills . | . . Critical Parts Destroyed 1 | . 1 Critical Strikes 5 | 1 4 Burn 4 | 1 3 Destroy 1 | . 1 Melee Attacks . | . . Impact . | . . Slashing . | . . Piercing . | . . Sneak Attacks . | . . Combat Hostiles . | . . Follow-up Attacks . | . . Damage Inflicted 1621 | 263 1358 Guns 1621 | 263 1358 Cannons . | . . Explosions . | . . Melee . | . . Ramming . | . . Kinetic 730 | 61 669 Thermal 891 | 202 689 Explosive . | . . Electromagnetic . | . . Impact . | . . Slashing . | . . Piercing . | . . Highest Corruption 1 | . 1 Average Corruption 1 | . 1 Corruption Purged . | . . Corruption Blocked . | . . Overload Shots . | . . Overflow Damage . | . . Projectiles . | . . Explosions . | . . Melee . | . . Knockbacks . | . . Impact . | . . Kinetic . | . . Secondary . | . . Self-Inflicted Damage . | . . Shots . | . . Rammed . | . . Targets Rammed . | . . Kicked . | . . Crushed . | . . Highest Temperature 224 | 220 224 Average Temperature 65 | 88 60 Received Heat Transfer 504 | . 504 Siege Activations . | . . Martial Activations . | . . Shielding Activations . | . . Robots Disrupted . | . . Combat Hostiles . | . . Robots Corrupted . | . . Combat Hostiles . | . . Parts Fried . | . . Impact Corruptions . | . . Robots Melted . | . . Combat Hostiles . | . . Parts Melted 7 | 2 5 Heat Transferred 2735 | 666 2069 Parts Sabotaged . | . . Parts Stolen . | . . Parts Stripped . | . . Power Chain Reactions . | . . Alert | -11 -10 ------- Run | Yrd Mat Maximum Alert Level 1 | . 1 Low Security (%) 87 | 100 85 Level 1 12 | . 14 Level 2 . | . . Level 3 . | . . Level 4 . | . . Level 5 . | . . High Security . | . . Max Security . | . . Peak Influence 256 | 20 256 Initial . | . . Average 106 | 5 121 Influence Increases 714 | 40 674 Destroy 0b10 Robot/C 320 | . 320 Destroy 0b10 Robot/NC 50 | 40 10 Destroy Leader 84 | . 84 Select Force Hacks 200 | . 200 Lose Combat Pursuer 60 | . 60 Influence Decreases 530 | 40 490 Time Decay 460 | 40 420 Lost Part 70 | . 70 Squads Dispatched 7 | . 7 Investigation 7 | . 7 Extermination . | . . Reinforcement . | . . Assault . | . . Garrison . | . . Intercept . | . . Searches Triggered . | . . Construction Impeded . | . . Haulers Reinforced . | . . Active Scanning Responses . | . . Cargo Convoy Interrupts . | . . Stealth | -11 -10 --------- Run | Yrd Mat Distress Signals . | . . Communications Jammed . | . . Distress Signals . | . . Times Spotted 30 | . 30 Peak Tracking Total 6 | . 6 Tactical Retreats 4 | . 4 Traps | -11 -10 ------- Run | Yrd Mat Traps Triggered 3 | . 3 Indirectly . | . . Trap Hack Attempts . | . . Triggered . | . . Disarmed . | . . Reprogrammed . | . . Reused . | . . Traps Extracted . | . . Installed . | . . Triggered . | . . Machines | -11 -10 ---------- Run | Yrd Mat Machines Disabled . | . . Max in Single Turn . | . . Machines Repaired . | . . Machines Dismantled . | . . Machines Sabotaged 4 | . 4 Overloaded Fab Kills . | . . Hacking | -11 -10 --------- Run | Yrd Mat Machines Accessed 8 | . 8 Terminals 6 | . 6 Fabricators . | . . Repair Stations 1 | . 1 Recycling Units 1 | . 1 Scanalyzers . | . . Garrison Access . | . . Total Hacks 11 | . 11 Successful 10 | . 10 Failed 1 | . 1 Catastrophic 1 | . 1 Database Lockouts . | . . Manual 9 | . 9 Terminals 6 | . 6 Fabricators . | . . Repair Stations 3 | . 3 Recycling Units 2 | . 2 Scanalyzers . | . . Garrison Access . | . . Terminal Hacks . | . . Fabricator Hacks . | . . Repair Station Hacks 2 | . 2 Scan Component 1 | . 1 Repair 1 | . 1 Recycling Unit Hacks . | . . Scanalyzer . | . . Garrison Access Hacks . | . . Unauthorized Hacks 8 | . 8 Terminals 6 | . 6 Sabotage 5 | . 5 Search 1 | . 1 Fabricators . | . . Repair Stations 1 | . 1 Patch 1 | . 1 Recycling Units 1 | . 1 Mask 1 | . 1 Scanalyzers . | . . Garrison Access . | . . Data Cores Recovered . | . . Used . | . . Hacking Detections 2 | . 2 Full Trace Events 1 | . 1 Feedback Events . | . . Feedback Blocked . | . . Robot Schematics Acquired . | . . Robots Built . | . . Authchips . | . . Time . | . . Total Robot Build Rating . | . . Part Schematics Acquired . | . . Parts Built . | . . Authchips . | . . Time . | . . Total Part Build Rating . | . . Parts Repaired 1 | . 1 Time 26 | . 26 Parts Recycled . | . . Recycled Matter . | . . Retrieved Matter . | . . Retrieved Components . | . . Parts Scanalyzed . | . . Part Schematics Acquired . | . . Parts Damaged . | . . Bothacking | -11 -10 ------------ Run | Yrd Mat Used RIF Installer . | . . Robots Hacked . | . . Non-combat . | . . Combat . | . . Robot Hacks Applied . | . . Relay Couplers Released . | . . Fabnet Peak Effective % . | . . Robots Rewired . | . . Allies Hacked . | . . Hacks Repelled . | . . Allies | -11 -10 -------- Run | Yrd Mat Total Allies . | . . Largest Group . | . . Highest-Rated Group . | . . Highest-Rated Ally . | . . Total Orders . | . . Ally Attacks . | . . Total Damage . | . . Kills . | . . Allies Corrupted . | . . Allies Melted . | . . Intel | -11 -10 ------- Run | Yrd Mat Active Infowar (turns) 858 | 87 771 Terrain 858 | 87 771 Robot Analysis Total . | . . Derelict Logs Recovered . | . . Drone Launches . | . . Drone Recoveries . | . . Exploration | -11 -10 ------------- Run | Yrd Mat Turns Passed 1247 | 160 1087 Spaces Moved 491 | 59 432 Core 4 | 2 2 Treads 487 | 57 430 Legs . | . . Wheels . | . . Hover . | . . Flight . | . . Fastest Speed 50 | 50 160 Average Speed 160 | 156 161 Slowest Speed 500 | 160 500 Overloaded Moves . | . . Propulsion Burnouts . | . . Robots Hopped . | . . Potential Cave-ins . | . . Cave-ins Triggered . | . . Exploration Rate (%) 38 | 5 71 Regions Visited 1 Branch Regions . Pre-discovered Areas . | . . Known Exits Taken . | . . Unknown Exits Taken 1 | 1 . Scrap Searched . | . . Spaces Dug . | . . Terrain Destroyed . | . . Melee . | . . Projectile . | . . AOE . | . . Terrain Rammed . | . . Walls Destroyed . | . . Machines Disabled . | . . Actions | -11 -10 --------- Run | Yrd Mat Total 734 | 87 647 Wait 67 | . 67 Move 490 | 58 432 Hop . | . . Pick Up 12 | 2 10 Fast Attach 10 | 7 3 Attach 8 | . 8 Detach 3 | . 3 Swap 9 | . 9 Drop 8 | . 8 Fire 127 | 20 107 Melee . | . . Ram . | . . Kick . | . . Crush . | . . Escape Stasis . | . . Rewire . | . . Trap . | . . Miscellaneous . | . . Route ------- -11/Scrapyard -10/Materials (discovered 3 exits: [*Mat x2] / [*Min]) History --------- Turn | Location | Event 21 | -11/Scrapyard | Discovered new exit (range 16) 161 | -11/Scrapyard | Entered Materials 336 | -10/Materials | Build established: Mutant 421 | -10/Materials | Repaired Lgt. Treads 577 | -10/Materials | Discovered new exit (range 16) 896 | -10/Materials | Discovered new exit (range 16) 930 | -10/Materials | Build established: Scavenger-Mutant 942 | -10/Materials | Core integrity fell below 50% 961 | -10/Materials | Derelicts attacked the area 1045 | -10/Materials | Core integrity fell below 20% 1099 | -10/Materials | Lost 3 parts (2n1w) 1104 | -10/Materials | Discovered new exit (range 3) 1248 | -10/Materials | Destroyed by Explosive Trap Last Messages --------------- 01100_ U-05 Engineer builds a Wall. 01103_ K-01 Serf collects debris. 01104_ U-05 Engineer builds a Wall. 01104_ EXIT=FOUND 01133_ Connecting with Terminal... >>Force(Sabotage) NULL_SCAN 01133_ ALERT: Suspicious activity at Terminal M001. Dispatching Investigation squad. 01147_ Ion Engine destroyed. 01152_ Lgt. Assault Rifle destroyed. 01153_ G-34 Mercenary destroyed. 01164_ Acquired 45 matter. 01170_ G-34 Mercenary destroyed. 01177_ Acquired 28 matter. 01225_ Triggered Shock Trap. 01225_ The floor emits a surge of raw power. 01225_ System corrupted (+1). 01248_ Triggered Explosive Trap. 01248_ An explosion rips through the floor. Map ----- +----------------------------------------------------+ | ?????????????????#?????#??# | | ??????????????????????##??# | | ????????????????????#????## " | | ??????????????????????????# [[[ | | ??????????????????#????##?# " " [[[ | | ??????????????????????????# "" [[ | | ??????????????????????????# """ | | ????????????????????? ????# | | ????????????????? ##########+## | | ????????? ????? !! | | ????????? ???? == | | ????????? ???? ! | | ????????? ?????################# | | ????????# #??????????????? ?#### | | ????????# #???????#?????? | | ????????# #?????????????? | | ????????# +????????????? | | ######??# #?????????#????? #####" | | # ??# #???????????? ??##???#" | | # ?# #?????????????????#??#" | | # ?# #??????????#??? ?????## | | # # #???????##???????????## | | # # #???#### #????????##??? | | # + ####;;;;;### ??????#? | | # # ????????? | | # # @ % "????##?? | | # ?# !! t ???????? | | # ?# ! ;# ?????????? | | # ??# #?????????# | | ######### % ??????## | | ?# %! [ + ? ?? ??# | | ??# ##### # ?? ??????# | | ????????# ##; % # ??????????# | | ????????# #?# ; [[????????# | | ?########^ #?### ; [??? ?????# | | ?# ] # #?# # ## ;" ?????????# | | ?# T #= #?# # # ## ?????? ??# | | ?# +* ###=# ##?????????## | | ?# !#= ## #= #?????????## | | ?# # ## =%[ ###??####### | | ?# % # ## ##+# ##?# | | ?##+##### #* && ""### == | | ?#=! # # % | | ?# # # """####+#### | | ?# + + # | | ?# # # ### [ | | ?# # < # #?# =% | | ?# # #####""#####?# |[ % | | ?############???####?????# | """ | | ?????????????????????????# """ | +----------------------------------------------------+ Best States ------------- Heat Dissipation 35 Energy Generation 10 Energy Capacity 250 Matter Stores 300 Matter Capacity 300 Sight Range 16 Terrain Scan Range 16 Terrain Scan Density 10 Evasion (%) 40 Recoil Reduction 2 Item Schematics ----------------- None Robot Schematics ------------------ None Fabricated ------------ Nothing Repaired ---------- Lgt. Treads | 45% | -10/Materials Alien Tech Used ----------------- None Achievements -------------- None Challenges ------------ None Game ------ Seed CannonForceGreatsword Manual? 0 Play Time 00:16:25 Cumulative 120.4 hours Start 2025.08.09 @ 04:51:58 End 2025.08.09 @ 05:00:40 Sessions 1 Manual Loads 0 Difficulty Rogue Special Mode None Game No. 107 Rogue 107 Adventurer 0 Explorer 0 Win Type - Total 4 Types 4/0/0/0/0/0/0/0/0/0 Lore% 30 Gallery% 52 Achievement% 47 Wizard Run 0 Options --------- Layout 2 ASCII 0 Keyboard 1 Movement Arrows Keybinds 0 Fullscreen 1 Font 32/Tamsyn Map View 50x44 Zoom Use 0% Tactical HUD 1 Map Filters NONE Filters NONE Steam 1 RUN: 440ed3f2-9275-4764-b1a4-a28893724990